 Dungeon Crawl Stone Soup version 0.21-a0-442-g848f44b (webtiles) character file.

9468 nikopol the Thaumaturge (level 11, -8/56 HPs)
             Began as a Deep Elf Fire Elementalist on Nov 12, 2017.
             Was a High Priest of Sif Muna.
             Mangled by a seven-headed hydra (9 damage)
             ... on level 1 of the Lair of Beasts.
             The game lasted 00:57:37 (14682 turns).

nikopol the Thaumaturge (DEFE)                     Turns: 14682, Time: 00:57:37

Health: -8/56      AC:  7    Str:  5    XL:     11   Next: 23%
Magic:  24/30      EV: 19    Int: 24    God:    Sif Muna [*****.]
Gold:   533        SH:  0    Dex: 15    Spells: 23/37 levels left

rFire    . . .     SeeInvis .   D - +1 dagger (venom)
rCold    . . .     Gourm    +   (no shield)
rNeg     . . .     Faith    .   a - +0 robe
rPois    .         Spirit   .   (no helmet)
rElec    .         Reflect  .   o - +0 cloak
rCorr    .         Harm     .   K - +3 pair of gauntlets of War {Slay+5}
MR       ++...                  (no boots)
Stlth    +++.......             i - amulet of the gourmand
HPRegen  0.18/turn              r - ring of protection from magic
MPRegen  0.22/turn              B - +4 ring of evasion

@: no status effects
A: no striking features
a: Divine Energy, Channel Magic, Forget Spell, Renounce Religion


You were on level 1 of the Lair of Beasts.
You worshipped Sif Muna.
Sif Muna was extremely pleased with you.
You were completely stuffed.

You visited 3 branches of the dungeon, and saw 12 of its levels.

You collected 613 gold pieces.
You spent 80 gold pieces at shops.

Inventory:

Hand Weapons
 D - a +1 dagger of venom (weapon)
Armour
 a - a +0 robe (worn)
 o - a +0 cloak (worn)
 K - the +3 pair of gauntlets of War (worn) {Slay+5}
   (You found it on level 6 of the Dungeon)

   It affects your accuracy and damage with ranged weapons and melee attacks
   (+5).
Jewellery
 i - an amulet of the gourmand (around neck)
 r - a ring of protection from magic (left hand)
 v - an uncursed ring of positive energy
 B - a +4 ring of evasion (right hand)
Wands
 s - a wand of flame (22/48)
 X - a wand of enslavement (17/24)
 Y - a wand of iceblast (5/15)
Scrolls
 d - 11 scrolls of identify
 g - 5 scrolls of blinking
 m - 10 scrolls of teleportation
 t - a scroll of immolation {unknown}
 w - 5 scrolls of random uselessness {unknown}
 A - a scroll of amnesia {unknown}
 G - 2 scrolls of enchant weapon {unknown}
 H - a scroll of recharging {unknown}
 M - a scroll of noise {unknown}
 N - a scroll of vulnerability {unknown}
 Q - 2 scrolls of enchant armour
 S - 2 scrolls of remove curse
 V - 3 scrolls of fear {unknown}
Potions
 e - 6 potions of curing
 f - 5 potions of brilliance {unknown}
 k - 5 potions of flight {unknown}
 n - 2 potions of haste {unknown}
 p - 2 potions of lignification {unknown}
 u - a potion of invisibility {unknown}
 C - 2 potions of berserk rage {unknown}
 E - 2 potions of degeneration {unknown}
 F - 3 potions of agility {unknown}
 I - 3 potions of might {unknown}
 J - a potion of mutation {unknown}
 R - 2 potions of heal wounds
 U - a potion of cancellation {unknown}
Books
 z - a book of Maledictions

   Spells                             Type                      Level
   a - Corona                         Hexes                        1
   b - Ensorcelled Hibernation        Hexes/Ice                    2
   c - Confuse                        Hexes                        3
   d - Tukima's Dance                 Hexes                        3
   e - Dazzling Spray                 Conjuration/Hexes            3
 P - a book of Frost

   Spells                             Type                      Level
   a - Freeze                         Ice                          1
   b - Throw Frost                    Conjuration/Ice              2
   c - Ozocubu's Armour               Charms/Ice                   3
   d - Throw Icicle                   Conjuration/Ice              4
   e - Summon Ice Beast               Ice/Summoning                4
 W - Sif Muna's Compendium of Beguiling and Dark Rites
   (Sif Muna gifted it to you on level 10 of the Dungeon)

   Spells                             Type                      Level
   a - Animate Skeleton               Necromancy                   1
   b - Corpse Rot                     Necromancy                   2
   c - Vampiric Draining              Necromancy                   3
   d - Metabolic Englaciation         Hexes/Ice                    5
   e - Summon Mana Viper              Hexes/Summoning              5
Miscellaneous
 T - a fan of gales
Comestibles
 b - 4 chunks of flesh
 c - 13 bread rations
 h - 7 meat rations
 l - 6 royal jellies


   Skills:
 + Level 1.1 Fighting
 + Level 5.4 Dodging
 + Level 4.9 Stealth
 + Level 13.7 Spellcasting
 + Level 10.2 Conjurations
 + Level 1.6 Hexes
 + Level 10.1 Fire Magic


You had 23 spell levels left.
You knew the following spells:

 Your Spells              Type           Power        Failure   Level  Hunger
a - Flame Tongue          Conj/Fire      #####        1%          1    None
b - Throw Flame           Conj/Fire      ######       1%          2    None
c - Conjure Flame         Conj/Fire      ######..     1%          3    None
d - Fireball              Conj/Fire      ######....   1%          5    ###....
e - Dazzling Spray        Conj/Hex       #####.       1%          3    None


Dungeon Overview and Level Annotations

Branches:
Dungeon (10/15)            Temple (1/1) D:4            Lair (1/6) D:9
    Orc (0/2) D:10

Altars:
Ashenzari
Cheibriados
Dithmenos
Elyvilon
Fedhas
Gozag
Hepliaklqana
Kikubaaqudgha
Makhleb
Nemelex Xobeh
Okawaru
Qazlal
Ru
Sif Muna
Trog
Uskayaw
Vehumet
Wu Jian
Xom
Yredelemnul
Zin
The Shining One

Shops:
D:5 :   D:7 *   D:9 [*[!?   D:10 ([


Message History

The seven-headed hydra bites you.
* * * LOW HITPOINT WARNING * * *
The seven-headed hydra completely misses you.
Casting: Flame Tongue
Confirm with . or Enter, or press ? or * to list all spells.
Aiming: Throw Flame
Press: ? - help, Shift-Dir - straight line, f/p - seven-headed hydra
Aim: a seven-headed hydra (flame, heavily wounded)
The puff of flame hits the seven-headed hydra.
The seven-headed hydra is severely wounded.
The seven-headed hydra is engulfed in blazing flames.
The seven-headed hydra completely misses you.
The seven-headed hydra misses you.
The seven-headed hydra barely misses you.
The seven-headed hydra misses you. The seven-headed hydra bites you.
* * * LOW HITPOINT WARNING * * *
The seven-headed hydra bites you!
* * * LOW HITPOINT WARNING * * *
The seven-headed hydra bites you!
You die...

#.# #..# ## ##
###P..#### #####.##.##
#
#........#.#.........#
#
##........#.D@+.......#
#
.........#.###.......#
#####..........
#........#
.............#
##.......#
##P.#........##
#.......#
#####.........#
##.......# #
#........## #........#
#.........# ####'##P##
#....(...P# #.####


You could see a seven-headed hydra.

Vanquished Creatures
  2 two-headed ogres
  Psyche (D:8)
  A komodo dragon (Lair:1)
  3 trolls
  A polar bear (Lair:1)
  Grinder (D:3)
  Prince Ribbit (D:6)
  Sigmund (D:3)
  A wraith (D:10)
  4 yaks
  A steam dragon (D:9)
  Eustachio (D:6)
  3 water moccasins
  An ice beast (D:5)
  6 orc warriors
  6 ogres
  A phantom (D:7)
  3 sky beasts
  An eye of draining (D:10)
  A necrophage (D:9)
  3 centaurs
  A crocodile (Lair:1)
  4 bullfrogs
  4 scorpions
  A water moccasin skeleton (D:5)
  6 killer bees
  4 wights (D:9)
  4 howler monkeys
  4 crimson imps
  A bullfrog zombie (D:5)
  3 centaur zombies
  5 hounds
  3 orc priests
  2 jellies
  5 orc wizards
  Crazy Yiuf (D:5)
  2 bullfrog skeletons (D:9)
  A centaur skeleton (D:5)
  2 iguanas
  Natasha (thrice) (D:3)
  9 worker ants
  2 killer bee zombies
  A hound skeleton (D:5)
  A howler monkey zombie (D:9)
  A worker ant zombie (D:9)
  7 gnolls
  11 adders
  4 shadow imps
  An ooze (D:1)
  An adder zombie (D:8)
  An adder skeleton (D:4)
  3 worms
  3 dart slugs
  3 leopard geckos
  27 orcs
  3 giant cockroaches
  6 goblins
  6 hobgoblins
  10 jackals
  10 kobolds
  6 quokkas
  2 ball pythons
  6 bats
  10 frilled lizards
  A jackal skeleton (D:5)
  A jackal zombie (D:6)
  A leopard gecko skeleton (D:6)
  7 rats
243 creatures vanquished.

Notes
Turn   | Place    | Note
-------+----------+-------------------------------------------
     0 | D:1      | nikopol the Deep Elf Fire Elementalist began the quest for the Orb.
     0 | D:1      | Reached XP level 1. HP: 10/10 MP: 6/6
   147 | D:1      | Reached XP level 2. HP: 15/15 MP: 4/8
   151 | D:1      | Learned a level 2 spell: Throw Flame
   811 | D:2      | Reached XP level 3. HP: 16/19 MP: 1/9
   820 | D:2      | Learned a level 3 spell: Conjure Flame
  1481 | D:2      | Reached XP level 4. HP: 16/24 MP: 7/11
  1617 | D:2      | Reached skill level 4 in Spellcasting
  2066 | D:3      | Noticed Sigmund
  2109 | D:3      | Noticed Natasha
  2114 | D:3      | Killed Natasha
  2366 | D:3      | Reached XP level 5. HP: 28/28 MP: 10/13
  2460 | D:3      | Noticed Natasha
  2463 | D:3      | Killed Natasha
  2494 | D:3      | Noticed Grinder
  2508 | D:3      | Killed Grinder
  2508 | D:3      | Reached skill level 5 in Spellcasting
  2508 | D:3      | Reached skill level 5 in Fire Magic
  2508 | D:3      | Reached XP level 6. HP: 23/32 MP: 4/16
  2683 | D:3      | Learned a level 5 spell: Fireball
  3099 | D:3      | Killed Sigmund
  3099 | D:3      | Reached skill level 6 in Spellcasting
  3099 | D:3      | Reached XP level 7. HP: 28/36 MP: 1/18
  3305 | D:3      | Noticed Natasha
  3310 | D:3      | Killed Natasha
  3687 | D:4      | Learned a level 3 spell: Dazzling Spray
  3905 | D:4      | Found a burning altar of Makhleb.
  3905 | D:4      | Found a glowing golden altar of the Shining One.
  4198 | D:4      | Found a staircase to the Ecumenical Temple.
  4207 | D:4      | Reached skill level 7 in Spellcasting
  4217 | Temple   | Entered the Ecumenical Temple
  4504 | D:4      | Found a deep blue altar of Sif Muna.
  4508 | D:4      | Became a worshipper of Sif Muna the Loreminder
  4755 | D:5      | Entered Level 5 of the Dungeon
  5021 | D:5      | Got a transparent copper ring
  5223 | D:5      | Lost strength.
  5223 | D:5      | Identified the ring "Wishremm" {rC+ rN+ Str-5 Stlth+} (You found it on level 5 of the Dungeon)
  5331 | D:5      | Found a runed door.
  5335 | D:5      | Noticed Crazy Yiuf
  5340 | D:5      | Killed Crazy Yiuf
  5340 | D:5      | Reached XP level 8. HP: 41/41 MP: 13/21
  5488 | D:5      | Reached skill level 8 in Spellcasting
  5634 | D:5      | Found an iron altar of Okawaru.
  5687 | D:5      | Found a radiant altar of Vehumet.
  5746 | D:5      | Found a hazy altar of Hepliaklqana.
  5754 | D:5      | Reached skill level 5 in Conjurations
  5870 | D:5      | Found Vanod's Book Shop.
  5898 | D:5      | Reached * piety under Sif Muna
  5987 | D:5      | Found a snail-covered altar of Cheibriados.
  6107 | D:5      | Reached skill level 9 in Spellcasting
  6888 | D:6      | Found the +3 pair of gauntlets of War {Slay+5}
  7120 | D:6      | Found a bloodstained altar of Trog.
  7120 | D:6      | Noticed Prince Ribbit
  7126 | D:6      | Killed Prince Ribbit
  7126 | D:6      | Reached ** piety under Sif Muna
  7126 | D:6      | Reached XP level 9. HP: 43/45 MP: 18/24
  7227 | D:6      | Noticed Eustachio
  7242 | D:6      | Killed Eustachio
  7242 | D:6      | Reached skill level 10 in Spellcasting
  7876 | D:7      | Reached skill level 1 in Hexes
  7948 | D:7      | Found a blossoming altar of Fedhas.
  7985 | D:7      | Found an opulent altar of Gozag.
  7986 | D:7      | Found Gozag's Platinum Reserve.
  8303 | D:7      | Found a basalt altar of Yredelemnul.
  8786 | D:8      | Reached skill level 11 in Spellcasting
  8800 | D:8      | Found a shadowy altar of Dithmenos.
  8800 | D:8      | Found a faded altar of an unknown god.
  8806 | D:8      | Found a sparkling altar of Nemelex Xobeh.
  8812 | D:8      | Found a shattered altar of Ashenzari.
  8814 | D:8      | Found a faded altar of an unknown god.
  9068 | D:8      | Noticed Psyche
  9079 | D:8      | Killed Psyche
  9079 | D:8      | Reached *** piety under Sif Muna
  9846 | D:9      | Found Deeckos's Armour Shop.
 10312 | D:9      | Reached XP level 10. HP: 34/50 MP: 14/27
 10418 | D:9      | Reached skill level 12 in Spellcasting
 10428 | D:9      | Reached skill level 5 in Dodging
 10641 | D:9      | Found Geituj Utyal's Antique Armour Boutique.
 10642 | D:9      | Found Eric's Magic Scroll Shop.
 10962 | D:9      | Found Awkecet's Demolitions Depot.
 11039 | D:9      | Reached **** piety under Sif Muna
 11067 | D:9      | Found a staircase to the Lair.
 11197 | D:9      | Found Gygufet's Distillery.
 11208 | D:9      | Bought a potion of heal wounds for 80 gold pieces
 11249 | D:9      | Noticed a two-headed ogre
 11259 | D:9      | Killed a two-headed ogre
 11638 | D:10     | Entered Level 10 of the Dungeon
 12046 | D:10     | Noticed a two-headed ogre
 12204 | D:8      | HP: 2/50 [poisoned by a killer bee]
 12562 | D:10     | Reached skill level 13 in Spellcasting
 12904 | D:10     | Killed a two-headed ogre
 12904 | D:10     | Reached skill level 10 in Fire Magic
 12904 | D:10     | Reached XP level 11. HP: 6/55 MP: 14/30
 13181 | D:10     | Found Beaq's Armour Emporium.
 13188 | D:10     | Found a staircase to the Orcish Mines.
 13235 | D:10     | Found Sucekaum's Weapon Shop.
 13269 | D:10     | Reached ***** piety under Sif Muna
 13269 | D:10     | Reached skill level 10 in Conjurations
 13274 | D:10     | Identified Sif Muna's Compendium of Beguiling and Dark Rites (Sif Muna gifted it to you on level 10 of the Dungeon)
 13274 | D:10     | Received a gift from Sif Muna
 14020 | Lair:1   | Entered Level 1 of the Lair of Beasts
 14050 | Lair:1   | Reached skill level 1 in Fighting
 14678 | Lair:1   | Noticed a seven-headed hydra
 14682 | Lair:1   | HP: 1/56 [seven-headed hydra (7)]
 14682 | Lair:1   | Mangled by a seven-headed hydra

Vault maps used:
D:1:      scummos_arrival_hexagon, kennysheep_another_room
D:2:      first_bread
D:3:      uniq_natasha, uniq_grinder, uniq_sigmund
D:4:      marbit_many_paths, gammafunk_temple_overflow_elements,
          minmay_temple_entry_glassed_door
D:5:      vehumet_altar_wand_db, kennysheep_mini_moat, old_standard_altar,
          serial_shops, shop_statue, okawaru_ov_weapons_minmay,
          uniq_crazy_yiuf_cottage
D:6:      lightli_temple_of_fire, uniq_eustachio, uniq_prince_ribbit1
D:7:      kennysheep_mini, nicolae_gozag_zags_fifth_avenue,
          overflow_temple_1_default
D:8:      chequers_temple_overflow_minitemple, grunt_ogre_cave, uniq_psyche
D:9:      lair_entry_dummy, serial_shops, nicolae_shop_stone,
          nicolae_shop_crystal, shop_fountains, nicolae_shop_statue_plus,
          nicolae_blasting_shop
D:10:     orc_david_3, serial_shops, shop, serial_bayou_pond_a,
          dk_noncrumbling_4
Temple:   nicolae_temple_figure_zero
Lair:1:   infiniplex_staircase_pool_2

Skill      XL: |  1  2  3  4  5  6  7  8  9 10 11 |
---------------+----------------------------------+-----
Fire Magic     | 4 5 6 7 8 10 | 10.1
Dodging        | 3 4 5 |  5.4
Spellcasting   | 4 5 6 7 9 11 13 | 13.7
Conjurations   | 2 3 4 6 8 9 10 | 10.2
Stealth        | 3 4 |  4.9
Hexes          | 1 |  1.6
Fighting       | 1 |  1.1

Action                   |  1- 3 |  4- 6 |  7- 9 | 10-12 || total
-------------------------+-------+-------+-------+-------++-------
Melee: Dagger            |       |     1 |     3 |       ||     4
 Cast: Flame Tongue      |    59 |    82 |   333 |   158 ||   632
       Conjure Flame     |       |     5 |    18 |    19 ||    42
       Fireball          |       |       |    10 |    25 ||    35
       Dazzling Spray    |       |       |    15 |       ||    15
       Throw Flame       |       |       |    14 |    34 ||    48
  Use: Scroll            |       |       |     7 |       ||     7
       Potion            |       |       |       |     1 ||     1
 Stab: Invisible         |       |       |     1 |       ||     1
  Eat: Chunk             |    10 |     7 |    21 |    19 ||    57
Armor: Robe              |     6 |     1 |     7 |    15 ||    29
Dodge: Dodged            |    22 |     8 |    63 |    73 ||   166

Table legend:
 A = Spawn XP
 B = Non-spawn XP
 C = Spawn XP percentage of total XP
 D = Spawn monster count
 E = Non-spawn monster count
 F = Spawn count percentage of total count
 G = Total turns spent on level
                    A         B        C        D         E        F      G
               +---------+---------+-------+---------+---------+-------+---------
         Total |       0 |   13526 |   0.0 |       0 |     243 |   0.0 | 14682
               +---------+---------+-------+---------+---------+-------+---------
           D:1 |       0 |      32 |   0.0 |       0 |      16 |   0.0 |   785
           D:2 |       0 |     115 |   0.0 |       0 |      27 |   0.0 |  1484
           D:3 |       0 |     700 |   0.0 |       0 |      27 |   0.0 |  1257
           D:4 |       0 |     372 |   0.0 |       0 |      19 |   0.0 |   977
           D:5 |       0 |     959 |   0.0 |       0 |      32 |   0.0 |  1673
           D:6 |       0 |    1047 |   0.0 |       0 |      18 |   0.0 |  1320
           D:7 |       0 |     731 |   0.0 |       0 |      17 |   0.0 |  1010
           D:8 |       0 |    1004 |   0.0 |       0 |      14 |   0.0 |  1581
           D:9 |       0 |    3285 |   0.0 |       0 |      35 |   0.0 |  2512
          D:10 |       0 |    4046 |   0.0 |       0 |      31 |   0.0 |  1169
        Lair:1 |       0 |    1235 |   0.0 |       0 |       7 |   0.0 |   662
               +---------+---------+-------+---------+---------+-------+---------
